 Dungeon Crawl Stone Soup version 0.16.0-18-g484a79e (webtiles) character file.

25 maniek23 the Ruffian (level 2, -2/23 HPs)
             Began as a Draconian Transmuter on Mar 22, 2015.
             Slain by a goblin
             ... wielding a +0 whip
              (5 damage)
             ... on level 1 of the Dungeon.
             The game lasted 00:04:21 (901 turns).

maniek23 the Ruffian (Draconian Transmuter)          Turns: 901, Time: 00:04:21

Health: -2/23      AC:  4    Str: 12    XL:     2   Next: 82%
Magic:  4/4        EV: 12    Int: 13    God:
Gold:   31         SH:  0    Dex: 11    Spells: 1 memorised, 4 levels left

rFire  . . .     SeeInvis .     g - +0 short sword
rCold  . . .     Clarity  .     (armour unavailable)
rNeg   . . .     SustAb   .     (no shield)
rPois  .         Gourm    .     (helmet restricted)
rElec  .         Spirit   .     (no cloak)
rCorr  .         Warding  .     (no gloves)
rMut   .         Stasis   .     (no boots)
MR     .....                    (no amulet)
Stlth  +.........               (no ring)
                                (no ring)

@: not resistant to hostile enchantments, very unstealthy
A: unfitting armour, cold-blooded, AC +4
a: no special abilities


You were on level 1 of the Dungeon.
You were not hungry.

You visited 1 branch of the dungeon, and saw 1 of its levels.

You collected 31 gold pieces.

Inventory:

Hand weapons
 g - a +0 short sword (weapon)
Missiles
 b - 39 arrows
 c - 10 bolts
 i - 16 poisoned bolts
Scrolls
 e - 3 scrolls of identify {unknown}
 h - 2 scrolls of random uselessness {unknown}
 k - a scroll of remove curse {unknown}
 l - a scroll of teleportation {unknown}
Potions
 j - 2 potions of haste {unknown}
Books
 d - a book of Changes

   Spells                             Type                      Level
   a - Beastly Appendage              Transmutation                1
   b - Sticks to Snakes               Transmutation                2
   c - Spider Form                    Transmutation/Poison         3
   d - Ice Form                       Ice/Transmutation            4
   e - Blade Hands                    Transmutation                5
Comestibles
 a - a bread ration
 f - a chunk of flesh


   Skills:
 + Level 1.5 Fighting
 + Level 0.2 Short Blades
 + Level 2.0 Dodging
 + Level 3.3 Unarmed Combat
 + Level 2.2 Spellcasting
 + Level 2.2 Transmutations


You had 4 spell levels left.
You knew the following spells:

 Your Spells              Type           Power        Failure   Level  Hunger
a - Beastly Appendage     Trmt           #.....       12%         1    ##.....


Dungeon Overview and Level Annotations

Branches:
Dungeon (1/15)

Altars:


Innate Abilities, Weirdness & Mutations

Your plain brown scales are hard (AC +4).
Your body does not fit into most forms of armour.
Your cold-blooded metabolism reacts poorly to cold.


Message History

* * * LOW HITPOINT WARNING * * *
You hit the kobold but do no damage. You headbutt the kobold.
You kill the kobold!
Your horns disappear.
There is a large open door here.
There is a large open door here.
There is an open door here.
Some of the chunks of flesh in your inventory have rotted away.
There is a large open door here.
There is a large open door here.
There is an open door here.
The goblin blocks your attack. The goblin hits you with a whip.
* * * LOW HITPOINT WARNING * * *
You barely miss the goblin.
Your tail-slap misses the goblin.
The goblin hits you with a whip.
* * * LOW HITPOINT WARNING * * *
The goblin blocks your attack. The goblin closely misses you.
You closely miss the goblin. The goblin misses you.
The goblin blocks your attack. The goblin hits you with a whip.
You die...

#.# #.# #.# #.# #.# #.#
################.#########.#
........................##.#
........########.######..#.#
........########.#######.#.######
.....(..+........................
........########@########..#.....
........# #..g....# #..#.....
........######.......# ##.#.....
............##.......# #.#.....
............##.......# #.......
#####.......''.......# #.......
#........##.......# ####......
#....######.......# #......##'
#....# #.......# #......##.


You could see a goblin.

Vanquished Creatures
  2 giant cockroaches (D:1)
  4 hobgoblins (D:1)
  5 kobolds (D:1)
  2 bats (D:1)
  A giant gecko (D:1)
  A giant newt (D:1)
  3 goblins (D:1)
  2 jackals (D:1)
  2 rats (D:1)
22 creatures vanquished.

Notes
Turn   | Place    | Note
--------------------------------------------------------------
     0 | D:1      | maniek23, the Draconian Transmuter, began the quest for the Orb.
     0 | D:1      | Reached XP level 1. HP: 16/16 MP: 3/3
   348 | D:1      | Reached XP level 2. HP: 17/23 MP: 4/4
   854 | D:1      | HP: 1/23 [kobold/club (5)]
   901 | D:1      | Slain by a goblin

Action                   || total
-------------------------++-------
Melee: Unarmed           ||    29
       Short sword       ||    64
 Cast: Beastly Appendage ||     4
